General information
- name: BNet
- type: Ladder team game (AT/RT)
- host: Battle.net
- saver: TossItUp
map: FullScaleAssault
- players: 8
- length: 38:23
- speed: Fast
- version: 1.27 W3XP
- replay type: Public
» download(213 KB)
Players
team 1 (loser)
aTm4202006 (
blue | 47 APM | 1458 actions | 30:46)
5 Dark Ranger
2 Black Arrow
3 Silence
3 Death Knight
2 Death Coil
1 Unholy Aura
2 Lich
2 Frost Armor
» actions
| Build / train | 101 | |
| Enter build submenu | 31 | |
| Enter hero's abilities submenu | 11 | |
| Give item / drop item | 4 | |
| Right click | 625 | |
| Select / deselect | 570 | |
| Use ability | 116 | |
1458 total
» units
| Acolyte | 21 | |
| Ghoul | 3 | |
| Crypt Fiend | 12 | |
| Goblin Zeppelin | 1 | |
| Obsidian Statue | 4 | |
| Frost Wyrm | 19 | |
| Goblin Shredder | 1 | |
| Abomination | 1 | |
62 total
» upgrades
| Creature Carapace | 3 | |
| Creature Attack | 3 | |
| Web | 1 | |
| Freezing Breath | 1 | |
8 total
» buildings
| Altar of Darkness | 1 | |
| Crypt | 1 | |
| Ziggurat | 12 | |
| Graveyard | 1 | |
| Tomb of Relics | 1 | |
| Nerubian Tower | 2 | |
| Halls of the Dead | 1 | |
| Necropolis | 2 | |
| Spirit Tower | 3 | |
| Black Citadel | 1 | |
| Slaughterhouse | 1 | |
| Sacrificial Pit | 1 | |
| Boneyard | 2 | |
29 total
» build order
00:24 Altar of Darkness
00:27 Crypt
00:36 Ziggurat
01:01 Graveyard
01:24 Tomb of Relics
01:50 Ziggurat
02:09 Nerubian Tower
03:56 Ziggurat
05:02 Ziggurat
06:06 Halls of the Dead
06:24 Ziggurat
06:59 Ziggurat
07:01 Necropolis
07:19 Spirit Tower
07:42 Spirit Tower
07:58 Ziggurat
08:01 Nerubian Tower
08:34 Black Citadel
08:37 Slaughterhouse
08:42 Ziggurat
09:24 Sacrificial Pit
09:28 Spirit Tower
11:00 Boneyard
11:44 Boneyard
17:01 Ziggurat
17:09 Ziggurat
17:11 Ziggurat
17:13 Necropolis
17:25 Ziggurat
» items
| Rod of Necromancy | 2 | |
| Sacrificial Skull | 1 | |
| Scroll of Regeneration | 3 | |
| Scroll of Town Portal | 2 | |
| Lesser Clarity Potion | 1 | |
9 total

»
Bangladesh (
yellow | 25 APM | 944 actions | 38:23)
8 Priestess of the Moon
3 Trueshot Aura
3 Searing Arrows
1 Starfall
1 Scout
2 Demon Hunter
1 Immolation
1 Evasion
» actions
| Basic commands | 3 | |
| Build / train | 91 | |
| ESC pressed | 2 | |
| Enter build submenu | 26 | |
| Enter hero's abilities submenu | 10 | |
| Give item / drop item | 5 | |
| Remove unit from queue | 1 | |
| Right click | 385 | |
| Select / deselect | 362 | |
| Use ability | 59 | |
944 total
» units
| Wisp | 22 | |
| Archer | 18 | |
| Hippogryph | 9 | |
| Blue Drake | 1 | |
| Chimaera | 5 | |
55 total
» upgrades
| Strength of the Moon | 3 | |
| Improved Bows | 1 | |
| Moon Armor | 3 | |
| Hippogryph Taming | 1 | |
| Marksmanship | 1 | |
| Well Spring | 1 | |
| Strength of the Wild | 2 | |
| Corrosive Breath | 1 | |
13 total
» buildings
| Moon Well | 8 | |
| Ancient of War | 1 | |
| Altar of Elders | 1 | |
| Tree of Ages | 1 | |
| Hunter's Hall | 1 | |
| Tree of Life | 5 | |
| Ancient of Wind | 4 | |
| Tree of Eternity | 1 | |
| Chimaera Roost | 2 | |
| Ancient Protector | 3 | |
27 total
» build order
00:23 Moon Well
00:35 Ancient of War
01:20 Altar of Elders
01:36 Moon Well
02:37 Moon Well
03:38 Tree of Ages
04:23 Hunter's Hall
05:15 Tree of Life
05:49 Moon Well
06:49 Ancient of Wind
06:50 Tree of Eternity
06:58 Ancient of Wind
08:03 Ancient of Wind
08:07 Ancient of Wind
09:40 Moon Well
12:20 Moon Well
16:34 Moon Well
17:28 Chimaera Roost
18:00 Moon Well
19:05 Tree of Life
25:00 Tree of Life
25:06 Ancient Protector
25:10 Ancient Protector
25:13 Ancient Protector
26:57 Chimaera Roost
28:12 Tree of Life
30:07 Tree of Life
» items
| Scroll of Protection | 2 | |
| Boots of Speed | 2 | |
| Scroll of Town Portal | 2 | |
| Potion of Lesser Invulnerability | 2 | |
8 total
TossItUp (
teal | 50 APM | 1904 actions | 38:23)
6 Archmage
3 Summon Water Elemental
2 Brilliance Aura
1 Mass Teleport
» actions
| Assign group hotkey | 43 | |
| Basic commands | 202 | |
| Build / train | 77 | |
| Enter build submenu | 63 | |
| Enter hero's abilities submenu | 6 | |
| Give item / drop item | 14 | |
| Right click | 700 | |
| Select / deselect | 428 | |
| Select group hotkey | 168 | |
| Use ability | 203 | |
1904 total
» units
| Peasant | 14 | |
| Footman | 4 | |
| Goblin Shredder | 1 | |
| Goblin Zeppelin | 3 | |
| Blue Dragon | 2 | |
| Goblin Sapper | 9 | |
| Gryphon Rider | 7 | |
| Acolyte | 1 | |
41 total
» upgrades
| Masonry | 3 | |
| Lumber Harvesting | 2 | |
| Swords | 3 | |
| Armor | 3 | |
| Animal War Training | 1 | |
| Storm Hammers | 1 | |
| Cloud | 1 | |
14 total
» buildings
| Altar of Kings | 1 | |
| Barracks | 1 | |
| Farm | 14 | |
| Scout Tower | 51 | |
| Arcane Tower | 1 | |
| Arcane Vault | 3 | |
| Town Hall | 2 | |
| Lumber Mill | 2 | |
| Keep | 1 | |
| Guard Tower | 8 | |
| Castle | 1 | |
| Blacksmith | 3 | |
| Gryphon Aviary | 6 | |
94 total
» build order
00:36 Altar of Kings
00:38 Barracks
00:53 Farm
00:54 Farm
01:05 Farm
01:20 Farm
01:35 Farm
02:05 Scout Tower
03:08 Arcane Tower
03:10 Arcane Vault
04:23 Town Hall
05:23 Lumber Mill
06:21 Keep
06:36 Scout Tower
06:36 Scout Tower
06:37 Scout Tower
06:37 Scout Tower
06:38 Scout Tower
06:39 Scout Tower
06:39 Scout Tower
06:39 Scout Tower
07:44 Guard Tower
08:37 Guard Tower
08:47 Castle
08:54 Scout Tower
08:55 Scout Tower
08:56 Scout Tower
08:56 Scout Tower
08:58 Scout Tower
09:00 Scout Tower
09:19 Scout Tower
09:19 Scout Tower
09:20 Scout Tower
09:22 Scout Tower
09:24 Scout Tower
09:26 Scout Tower
10:16 Guard Tower
11:47 Guard Tower
12:39 Farm
12:41 Guard Tower
13:52 Blacksmith
13:54 Blacksmith
13:57 Blacksmith
14:53 Lumber Mill
17:45 Scout Tower
17:45 Scout Tower
17:46 Scout Tower
17:47 Scout Tower
17:49 Scout Tower
17:51 Scout Tower
17:52 Scout Tower
17:53 Scout Tower
17:53 Scout Tower
17:55 Scout Tower
17:56 Scout Tower
17:56 Scout Tower
17:57 Scout Tower
17:57 Scout Tower
17:59 Scout Tower
18:00 Scout Tower
18:00 Scout Tower
18:53 Town Hall
19:06 Scout Tower
19:07 Scout Tower
19:07 Scout Tower
19:25 Scout Tower
19:25 Scout Tower
19:26 Scout Tower
19:26 Scout Tower
19:27 Scout Tower
19:27 Scout Tower
19:27 Scout Tower
19:28 Scout Tower
19:33 Arcane Vault
19:37 Arcane Vault
19:48 Gryphon Aviary
19:49 Gryphon Aviary
19:52 Gryphon Aviary
19:55 Gryphon Aviary
19:58 Gryphon Aviary
20:03 Gryphon Aviary
20:07 Guard Tower
20:09 Guard Tower
20:22 Farm
20:24 Farm
20:25 Farm
20:29 Farm
20:32 Farm
20:34 Farm
20:37 Farm
20:39 Farm
21:03 Guard Tower
» items
| Periapt of Vitality | 2 | |
| Staff of Teleportation | 2 | |
4 total

»
Gladiator (
orange | 62 APM | 1793 actions | 28:50)
8 Blademaster
1 Wind Walk
3 Critical Strike
3 Mirror Image
1 Bladestorm
» actions
| Assign group hotkey | 18 | |
| Basic commands | 102 | |
| Build / train | 63 | |
| Enter build submenu | 16 | |
| Enter hero's abilities submenu | 8 | |
| Give item / drop item | 8 | |
| Right click | 729 | |
| Select / deselect | 478 | |
| Select group hotkey | 326 | |
| Use ability | 45 | |
1793 total
» units
| Peon | 10 | |
| Wind Rider | 15 | |
| Shaman | 4 | |
29 total
» upgrades
| Ranged Weapons | 3 | |
| Shaman Training | 2 | |
| Envenomed Spears | 1 | |
| Armor | 3 | |
| Spiked Barricades | 3 | |
| Reinforced Defenses | 1 | |
13 total
» buildings
| Altar of Storms | 1 | |
| Orc Burrow | 8 | |
| Barracks | 1 | |
| Voodoo Lounge | 1 | |
| War Mill | 1 | |
| Stronghold | 3 | |
| Beastiary | 2 | |
| Spirit Lodge | 1 | |
| Fortress | 1 | |
| Great Hall | 1 | |
20 total
» build order
00:11 Altar of Storms
00:16 Orc Burrow
01:25 Orc Burrow
01:51 Barracks
02:07 Voodoo Lounge
02:27 War Mill
02:55 Stronghold
02:56 Stronghold
02:56 Stronghold
03:35 Orc Burrow
04:30 Orc Burrow
05:18 Beastiary
05:22 Beastiary
05:34 Spirit Lodge
05:56 Orc Burrow
05:58 Fortress
10:33 Orc Burrow
22:38 Orc Burrow
23:38 Orc Burrow
26:26 Great Hall
» items
| Healing Salve | 2 | |
| Potion of Lesser Invulnerability | 2 | |
| Orb of Lightning | 1 | |
| Scroll of Town Portal | 1 | |
| Boots of Speed | 1 | |
| Periapt of Vitality | 1 | |
8 total
team 2 (winner)

»
Tonha0 (
purple | 71 APM | 1500 actions | 21:09)
6 Archmage
3 Summon Water Elemental
2 Brilliance Aura
1 Mass Teleport
» actions
| Assign group hotkey | 56 | |
| Basic commands | 184 | |
| Build / train | 90 | |
| Enter build submenu | 20 | |
| Enter hero's abilities submenu | 6 | |
| Give item / drop item | 2 | |
| Right click | 520 | |
| Select / deselect | 254 | |
| Select group hotkey | 270 | |
| Use ability | 98 | |
1500 total
» units
| Peasant | 22 | |
| Footman | 5 | |
| Rifleman | 9 | |
| Priest | 2 | |
| Sorceress | 3 | |
| Mortar Team | 1 | |
| Shaman | 3 | |
| Wind Rider | 3 | |
| Siege Engine | 1 | |
| Flying Machine | 8 | |
57 total
» upgrades
| Armor | 2 | |
| Lumber Harvesting | 2 | |
| Long Rifles | 1 | |
| Masonry | 2 | |
| Gunpowder | 1 | |
| Fragmentation Shards | 1 | |
| Shaman Training | 1 | |
| Barrage | 1 | |
| Plating | 1 | |
| Flying Machine Bombs | 1 | |
| Flak Cannons | 1 | |
14 total
» buildings
| Blacksmith | 2 | |
| Altar of Kings | 1 | |
| Farm | 13 | |
| Barracks | 2 | |
| Lumber Mill | 2 | |
| Arcane Vault | 1 | |
| Keep | 1 | |
| Town Hall | 1 | |
| Scout Tower | 6 | |
| Guard Tower | 3 | |
| Castle | 1 | |
| Arcane Sanctum | 2 | |
| Workshop | 4 | |
| Beastiary | 1 | |
40 total
» build order
00:25 Blacksmith
00:30 Altar of Kings
00:37 Farm
00:52 Barracks
01:28 Lumber Mill
01:33 Lumber Mill
01:47 Farm
01:51 Farm
02:06 Arcane Vault
02:14 Blacksmith
04:58 Keep
05:18 Town Hall
05:30 Barracks
05:37 Farm
05:38 Farm
05:39 Farm
05:41 Farm
05:42 Farm
05:43 Farm
05:44 Farm
05:45 Farm
05:46 Farm
06:54 Scout Tower
06:55 Scout Tower
06:57 Scout Tower
06:58 Scout Tower
07:00 Scout Tower
07:02 Scout Tower
08:27 Guard Tower
08:55 Guard Tower
09:41 Guard Tower
09:55 Castle
10:43 Arcane Sanctum
10:44 Arcane Sanctum
11:22 Farm
11:49 Workshop
11:50 Workshop
17:08 Beastiary
17:58 Workshop
18:15 Workshop
» items
| Scroll of Regeneration | 2 | |
| Scroll of Town Portal | 1 | |
3 total
DEMONHUNTER (
green | 1 APM | 44 actions | 38:23)
» actions
| Build / train | 11 | |
| Enter build submenu | 4 | |
| Right click | 14 | |
| Select / deselect | 12 | |
| Use ability | 3 | |
44 total
» units
» buildings
| Moon Well | 1 | |
| Altar of Elders | 1 | |
| Ancient of War | 1 | |
3 total
» build order
00:34 Moon Well
00:37 Altar of Elders
01:12 Ancient of War

»
brownperson (
red | 36 APM | 558 actions | 15:29)
3 Tauren Chieftain
2 Endurance Aura
1 War Stomp
» actions
| Build / train | 48 | |
| Enter build submenu | 13 | |
| Enter hero's abilities submenu | 3 | |
| Right click | 362 | |
| Select / deselect | 113 | |
| Use ability | 19 | |
558 total
» units
| Peon | 12 | |
| Grunt | 2 | |
| Troll Headhunter/Berserker | 8 | |
| Wind Rider | 8 | |
| Shaman | 3 | |
33 total
» upgrades
| Melee Weapons | 1 | |
| Armor | 2 | |
| Troll Regeneration | 1 | |
| Ranged Weapons | 1 | |
| Envenomed Spears | 2 | |
| Berserker Upgrade | 1 | |
| Shaman Training | 1 | |
9 total
» buildings
| Orc Burrow | 10 | |
| Barracks | 1 | |
| War Mill | 1 | |
| Stronghold | 1 | |
| Altar of Storms | 1 | |
| Beastiary | 1 | |
| Spirit Lodge | 1 | |
| Great Hall | 1 | |
| Fortress | 1 | |
18 total
» build order
00:37 Orc Burrow
01:43 Barracks
01:56 Orc Burrow
02:19 War Mill
03:17 Stronghold
03:26 Altar of Storms
03:49 Orc Burrow
03:51 Orc Burrow
05:47 Beastiary
06:12 Orc Burrow
09:08 Spirit Lodge
09:55 Great Hall
10:53 Fortress
12:11 Orc Burrow
12:12 Orc Burrow
12:13 Orc Burrow
12:13 Orc Burrow
13:54 Orc Burrow
lIlIlIlIlIIlIlI (
pink | 106 APM | 4051 actions | 38:23)
9 Blademaster
3 Wind Walk
3 Critical Strike
1 Bladestorm
2 Mirror Image
» actions
| Assign group hotkey | 136 | |
| Basic commands | 41 | |
| Build / train | 152 | |
| ESC pressed | 5 | |
| Enter build submenu | 97 | |
| Enter hero's abilities submenu | 9 | |
| Give item / drop item | 7 | |
| Right click | 1676 | |
| Select / deselect | 473 | |
| Select group hotkey | 710 | |
| Use ability | 745 | |
4051 total
» units
| Peon | 20 | |
| Grunt | 8 | |
| Raider | 4 | |
| Goblin Zeppelin | 18 | |
| Goblin Shredder | 6 | |
| Wind Rider | 6 | |
| Goblin Sapper | 2 | |
| Troll Batrider | 8 | |
72 total
» upgrades
| Berserker Strength | 1 | |
| Pillage | 1 | |
| Melee Weapons | 3 | |
| Reinforced Defenses | 1 | |
| Armor | 3 | |
| Ensnare | 1 | |
| Envenomed Spears | 1 | |
| Ranged Weapons | 3 | |
| Spiked Barricades | 2 | |
16 total
» buildings
| Orc Burrow | 11 | |
| Altar of Storms | 1 | |
| Barracks | 1 | |
| Voodoo Lounge | 2 | |
| Stronghold | 7 | |
| War Mill | 1 | |
| Beastiary | 6 | |
| Fortress | 3 | |
| Great Hall | 4 | |
| Watch Tower | 65 | |
101 total
» build order
00:30 Orc Burrow
01:07 Altar of Storms
01:09 Barracks
01:52 Orc Burrow
01:56 Voodoo Lounge
03:31 Orc Burrow
03:54 Stronghold
03:54 Stronghold
04:14 War Mill
05:18 Orc Burrow
06:49 Beastiary
06:52 Beastiary
07:08 Beastiary
07:15 Beastiary
08:01 Fortress
08:33 Great Hall
08:46 Watch Tower
08:47 Watch Tower
09:32 Watch Tower
09:47 Watch Tower
09:54 Watch Tower
11:05 Watch Tower
11:28 Watch Tower
13:32 Great Hall
13:52 Watch Tower
13:52 Watch Tower
13:53 Watch Tower
14:02 Watch Tower
14:11 Watch Tower
14:16 Watch Tower
14:17 Watch Tower
15:46 Watch Tower
15:47 Watch Tower
15:48 Stronghold
17:38 Watch Tower
17:39 Watch Tower
17:40 Watch Tower
17:43 Watch Tower
18:24 Watch Tower
18:28 Watch Tower
19:00 Watch Tower
19:01 Watch Tower
19:11 Watch Tower
19:12 Watch Tower
19:26 Watch Tower
19:29 Watch Tower
19:31 Watch Tower
19:35 Watch Tower
19:41 Watch Tower
19:47 Watch Tower
20:18 Watch Tower
20:18 Watch Tower
20:20 Watch Tower
20:29 Watch Tower
20:33 Watch Tower
20:39 Watch Tower
20:44 Watch Tower
20:52 Watch Tower
21:53 Stronghold
21:53 Stronghold
21:54 Stronghold
21:55 Watch Tower
21:57 Watch Tower
22:10 Watch Tower
22:11 Watch Tower
22:16 Watch Tower
22:18 Watch Tower
22:23 Watch Tower
22:25 Watch Tower
22:29 Watch Tower
22:35 Watch Tower
24:25 Watch Tower
24:25 Watch Tower
24:26 Watch Tower
26:37 Fortress
26:54 Great Hall
27:06 Orc Burrow
27:21 Watch Tower
27:22 Watch Tower
27:25 Watch Tower
27:47 Beastiary
27:50 Beastiary
27:53 Voodoo Lounge
28:39 Watch Tower
28:41 Watch Tower
28:52 Watch Tower
28:54 Watch Tower
29:13 Orc Burrow
29:20 Orc Burrow
29:21 Orc Burrow
29:30 Orc Burrow
32:17 Orc Burrow
32:24 Orc Burrow
33:42 Great Hall
34:48 Watch Tower
34:49 Watch Tower
34:54 Watch Tower
34:57 Watch Tower
34:59 Watch Tower
» items
| Healing Salve | 5 | |
| Lesser Clarity Potion | 3 | |
| Boots of Speed | 1 | |
| Scroll of Town Portal | 4 | |
| Potion of Healing | 2 | |
| Orb of Lightning | 2 | |
| Potion of Mana | 1 | |
18 total
Chat log
(00:07 / All) TossItUp: CALIFORNIA
(00:08 / Allies) aTm4202006: yo yo
(00:10 / All) TossItUp: knows how to party
(00:18 / Allies) aTm4202006: 2 pac
(00:29 / All) Bangladesh: are both weak
(00:41 / All) Bangladesh: bangladesh #1
(00:45 / All) TossItUp: LONG BEACH IN THE HOUSE AHHHH
(00:45 / All) aTm4202006: lol
(00:46 / All) TossItUp: OAK TOWN
(00:51 / All) TossItUp: OAKLAND DEFINITELY IN THE HOUSE
(00:53 / All) Bangladesh: yes #2
(01:10 / All) aTm4202006: tx
(01:30 / Allies) Bangladesh: i go archer hypo
(01:41 / Allies) aTm4202006: teal can u go melee plz
(01:45 / All) TossItUp: I aint mad at cha
(01:48 / All) TossItUp: got nothin but love for ya
(01:51 / All) TossItUp: do ya thang boi
(01:55 / All) aTm4202006: lol
(02:14 / All) Bangladesh: bangladesh no like sausage fests
(03:07 / All) Bangladesh: do you know if trum is gay?
(06:35 / Allies) Bangladesh: take mana
(06:38 / Allies) Bangladesh: i don't need
(07:03 / All) TossItUp: I got nigger music blasting
(07:07 / All) TossItUp: not playing good lol
(08:21 / Allies) Bangladesh: out
(10:55 / Allies) Bangladesh: rifles
(11:23 / Allies) aTm4202006: wood
(13:14 / Allies) aTm4202006: whre tpo
(13:21 / Allies) TossItUp: attack bottom
(14:53 / Allies) Gladiator: can i have some gold teal
(17:47 / Allies) aTm4202006: goin back
(19:47 / All) aTm4202006: GG
(21:18 / All) Bangladesh: bangladesh #1
(22:27 / All) Bangladesh: leave pink noob
(22:27 / All) aTm4202006: quit
(22:36 / All) Bangladesh: next time be a team player
(22:41 / All) Bangladesh: like bangladesh
(22:46 / All) lIlIlIlIlIIlIlI: I think I can 1v4 this guys
(22:53 / All) aTm4202006: haha
(22:55 / All) lIlIlIlIlIIlIlI: don't be bm warcraft 3 is a serious esport
(22:57 / All) Bangladesh: you'll be raped
(22:59 / All) lIlIlIlIlIIlIlI: as grubby would say....
(23:01 / All) aTm4202006: pink......cry cry cry more
(23:03 / All) aTm4202006: faggot
(23:05 / All) lIlIlIlIlIIlIlI: the game is not over until the opponent says gg
(23:12 / All) lIlIlIlIlIIlIlI: You may just lose this
(23:16 / All) lIlIlIlIlIIlIlI: I have a sinister plan cooking up
(23:23 / All) Bangladesh: leave noob
(24:18 / Allies) Bangladesh: come all
(24:27 / All) lIlIlIlIlIIlIlI: gg
(24:29 / All) lIlIlIlIlIIlIlI: just leave
(24:31 / All) aTm4202006: pink u are cute
(25:28 / All) lIlIlIlIlIIlIlI: gg
(25:42 / Allies) aTm4202006: b orange
(26:10 / All) aTm4202006: lol
(26:10 / Allies) aTm4202006: wtf
(26:21 / All) lIlIlIlIlIIlIlI: gg
(26:46 / All) lIlIlIlIlIIlIlI: gg
(26:52 / All) lIlIlIlIlIIlIlI: you are being raped
(26:58 / All) aTm4202006: lol...we got someone tking
(27:09 / All) lIlIlIlIlIIlIlI: yeah I do
(27:12 / All) lIlIlIlIlIIlIlI: easy win against you noobs
(27:15 / All) lIlIlIlIlIIlIlI: noobs can't kill 1 ally
(27:17 / All) lIlIlIlIlIIlIlI: easy win noobs
(27:20 / All) aTm4202006: cry cry cry more
(27:29 / All) lIlIlIlIlIIlIlI: why would I cry
(27:31 / All) lIlIlIlIlIIlIlI: you got raped
(27:36 / All) lIlIlIlIlIIlIlI: I have easy win
(27:39 / All) lIlIlIlIlIIlIlI: you get raped, why cry
(27:42 / All) lIlIlIlIlIIlIlI: you cry from rape hahaha noob
(27:48 / All) aTm4202006: hmmmm im looking at the map
(27:52 / All) aTm4202006: trying to figure what u mean
(27:55 / All) TossItUp: I fuck your mom so good tonight blue
(28:03 / All) aTm4202006: while you were busying towering...we raped your team
(28:04 / All) lIlIlIlIlIIlIlI: I fuck your sister blue
(28:05 / All) TossItUp: what are we having for dinner tonight step son
(28:13 / All) lIlIlIlIlIIlIlI: fuck your mum fuck your sister bro
(28:21 / All) lIlIlIlIlIIlIlI: how fucked you are bro
(28:23 / All) aTm4202006: damn bro..u come up with that yourself?
(28:24 / All) lIlIlIlIlIIlIlI: how mad you are
(28:27 / All) TossItUp: we do train on your moms
(28:29 / All) TossItUp: mad?
(28:34 / All) lIlIlIlIlIIlIlI: I'm fucking your sister right now
(28:38 / All) lIlIlIlIlIIlIlI: your mom is about to blow me
(28:49 / All) lIlIlIlIlIIlIlI: your family whores line up to suck my dick
(29:00 / Allies) aTm4202006: teal cmon man
(29:02 / Allies) aTm4202006: lets finish this
(29:11 / Allies) TossItUp: cry more fucc nigga
(30:09 / All) lIlIlIlIlIIlIlI: I just fucked your mom blue
(30:12 / All) lIlIlIlIlIIlIlI: suck my cock mom blue
(30:20 / All) lIlIlIlIlIIlIlI: hahaha cocksucker mom blue
(30:22 / All) aTm4202006: teal wtf
(30:31 / All) aTm4202006: you and your Bf are gat togehter
(30:31 / All) lIlIlIlIlIIlIlI: teal fucks your moms too
(30:37 / Allies) Bangladesh: he's playing with pink
(30:38 / All) aTm4202006: hahahhaha fag boys
(30:41 / All) aTm4202006: at least i know who won
(30:43 / All) lIlIlIlIlIIlIlI: how can we be gay when we fuck your family whores all day blue
(30:46 / All) lIlIlIlIlIIlIlI: fuck your family whores hahahaha
(30:55 / All) lIlIlIlIlIIlIlI: lawl
(31:06 / All) Bangladesh: you can only fuck yourself pink
(31:21 / All) lIlIlIlIlIIlIlI: I fuck your mom every day
(37:41 / All) lIlIlIlIlIIlIlI: From where you're kneeling it must look like an 18-karat run of bad luck
(37:43 / All) lIlIlIlIlIIlIlI: but the truth is
(37:47 / All) lIlIlIlIlIIlIlI: the game was rigged from the start
(38:21 / All) TossItUp: catch you on the other side, niggas